 Dungeon Crawl Stone Soup version 0.30-a0-331-g8ab09dc110 (webtiles) character file.

Game seed: 16615267598166685969

182 koil the Grave Robber (level 5, 0/38 HPs)
             Began as a Demonspawn Necromancer on Oct 30, 2022.
             Slain by Crazy Yiuf
             ... wielding a +2 quarterstaff of chaos
              (7 damage)
             ... on level 3 of the Dungeon.
             The game lasted 00:10:00 (3151 turns).

koil the Grave Robber (Demonspawn Necromancer)      Turns: 3151, Time: 00:10:01

Health: 0/38       AC:  8    Str:  8    XL:     5   Next: 35%
Magic:  7/9        EV: 12    Int: 18    God:
Gold:   239        SH:  0    Dex: 14    Spells: 5/9 levels left

rFire   . . .      SeeInvis .    m - +0 sling (drain)
rCold   . . .      Faith    .    (no shield)
rNeg    + . .      Spirit   .    a - +0 robe
rPois   .          Reflect  .    (helmet restricted)
rElec   .          Harm     .    (no cloak)
rCorr   .          Rampage  .    (no gloves)
Will    .....                    (no boots)
Stlth   ++........               (no amulet)
HPRegen 0.26/turn                j - ring of wizardry
MPRegen 0.11/turn                t - ring of positive energy

@: sanguine armoured
A: horns 2, powered by death 1, sanguine armour 1
a: no special abilities


You were on level 3 of the Dungeon.
You visited 1 branch of the dungeon, and saw 3 of its levels.

You collected 239 gold pieces.

Inventory:

Hand Weapons
 h - a +0 short sword
 m - a +0 sling of draining (weapon)
 n - a +0 dagger
 o - a +2 vorpal flail
 s - a +1 vorpal quarterstaff
Missiles
 i - 3 curare-tipped darts
Armour
 a - a +0 robe (worn)
Jewellery
 j - a ring of wizardry (left hand)
 t - a ring of positive energy (right hand)
Scrolls
 c - 5 scrolls of teleportation {unknown}
 d - 2 scrolls of identify {unknown}
 e - a scroll of enchant weapon {unknown}
 p - a scroll of butterflies {unknown}
 q - 2 scrolls of immolation {unknown}
 u - a scroll of blinking {unknown}
Potions
 b - 2 potions of magic
 f - a potion of degeneration {unknown}
 g - a potion of berserk rage {unknown}
 k - 2 potions of attraction {unknown}
 l - 2 potions of curing {unknown}
 r - a potion of heal wounds {unknown}
 v - a potion of flight {unknown}


   Skills:
 + Level 1.8 Fighting
 + Level 1.4 Short Blades
 + Level 2.6 Dodging
 + Level 2.8 Stealth
 + Level 2.7 Spellcasting
 + Level 5.0 Necromancy


You had 5 spell levels left.
You knew the following spells:

 Your Spells              Type           Power      Damage    Failure   Level
a - Necrotise             Necr           80%        1d8       1%          1
b - Vampiric Draining     Necr           20%        2d7       2%          3

Your spell library contained the following spells:

 Spells                   Type           Power      Damage    Failure   Level
 Animate Dead             Necr           20%        N/A       9%          4
 Agony                    Necr           20%        N/A       22%         5


Dungeon Overview and Level Annotations

Branches:
Dungeon (3/15)

Altars:

Shops:
D:2 [

Annotations:
D:3 Crazy Yiuf


Innate Abilities, Weirdness & Mutations

You have a pair of horns on your head.
You regenerate a little health from kills.
When seriously injured, your blood forms armour. (AC +6)


Message History

Press: ? - help, Q - select action, (/) - cycle Shift-Dir - straight line, f - Crazy Yiuf
Aim: Crazy Yiuf, wielding a +2 quarterstaff of chaos and wearing a +1 cloak (wandering, hasn't noticed you, chance to affect: 84%)
Okay, then.
You sense an unholy aura.
m - a +0 sling of draining (weapon)
Fire: m) +0 sling (drain)
Press: ? - help, Q - select action, (/) - cycle Shift-Dir - straight line, f - Crazy Yiuf
Aim: Crazy Yiuf, wielding a +2 quarterstaff of chaos and wearing a +1 cloak (wandering, hasn't noticed you, 58% to hit)
You shoot a sling bullet. The sling bullet hits Crazy Yiuf.
Crazy Yiuf is lightly wounded.
Crazy Yiuf says, "Nubble snail ladder!"
Crazy Yiuf hits you with a +2 quarterstaff of chaos!
Crazy Yiuf attacks as you move away!
Crazy Yiuf hits you with a +2 quarterstaff of chaos!
* * * LOW HITPOINT WARNING * * *
Your blood congeals into armour.
Crazy Yiuf burns you.
* * * LOW HITPOINT WARNING * * *
Unknown command.
Crazy Yiuf attacks as you move away!
Crazy Yiuf hits you with a +2 quarterstaff of chaos.
* * * LOW HITPOINT WARNING * * *
You resist with some effort.
You are too injured to fight recklessly!
Unknown command.
You are too injured to fight recklessly!
Casting: Necrotise (safe; 1% risk of failure)
Confirm with . or Enter, or press ? or * to list all spells.
Aiming: Necrotise (safe; 1% risk of failure)
Press: ? - help, Shift-Dir - straight line, f/p - Crazy Yiuf
Aim: Crazy Yiuf, wielding a +2 quarterstaff of chaos and wearing a +1 cloak (lightly wounded, chance to affect: 84%) Crazy Yiuf writhes in agony.
Crazy Yiuf closely misses you.
Casting: Necrotise (safe; 1% risk of failure)
Confirm with . or Enter, or press ? or * to list all spells.
Aiming: Necrotise (safe; 1% risk of failure)
Press: ? - help, Shift-Dir - straight line, f/p - Crazy Yiuf
Aim: Crazy Yiuf, wielding a +2 quarterstaff of chaos and wearing a +1 cloak (heavily wounded, chance to affect: 84%) Crazy Yiuf writhes in agony.
Crazy Yiuf flaps his cloak.
Crazy Yiuf hits you with a +2 quarterstaff of chaos!
You die...

######
##....#####
###
#...#.....#
..#
#....####.#
..# #....#
#.# ..#
♣....♣ #.#
### ♣♣...♣
#.# # ♣♣@♣♣
#.#
###########
♣♣g♣
##.##########
..........#
♣.♣♣
#...........#
..........#
♣♣.♣
#.......###.#
..........#
♣.♣♣
#.......# #.#
..........#
#'# #.......#
#.#
..........#
... #.......#
#..
..........#
#...#
#.......# ###
......^...#
#)..#
#.......# #


You could see Crazy Yiuf.

Vanquished Creatures
  An orc priest (D:3)
  A gnoll (D:1)
  5 adders
  4 worms
  2 dart slugs
  3 orcs (D:3)
  5 ball pythons
  5 endoplasms
  A giant cockroach (D:3)
  9 goblins
  4 hobgoblins
  9 jackals
  3 quokkas
  3 bats
  3 frilled lizards
  6 kobolds
  9 rats
73 creatures vanquished.

Vanquished Creatures (collateral kills)
  A ball python (D:2)
  A giant cockroach (D:1)
  A goblin (D:3)
3 creatures vanquished.

Grand Total: 76 creatures vanquished

Notes
Turn   | Place    | Note
-------+----------+-------------------------------------------
     0 | D:1      | koil the Demonspawn Necromancer began the quest for the
                  | Orb.
     0 | D:1      | Reached XP level 1. HP: 13/13 MP: 3/3
   283 | D:1      | Gained mutation: You have a pair of small horns on your
                  | head. [demonic ancestry]
   283 | D:1      | Reached XP level 2. HP: 20/20 MP: 1/5
   729 | D:1      | Gained mutation: When seriously injured, your blood forms
                  | armour. (AC +6) [demonic ancestry]
   729 | D:1      | Reached XP level 3. HP: 19/25 MP: 3/6
  1065 | D:2      | Reached skill level 1 in Fighting
  1215 | D:2      | Found Dushra Limousm's Armour Emporium.
  1329 | D:2      | Learned a level 3 spell: Vampiric Draining
  1448 | D:2      | Gained mutation: You regenerate a little health from kills.
                  | [demonic ancestry]
  1448 | D:2      | Reached XP level 4. HP: 15/32 MP: 0/7
  1819 | D:2      | Reached skill level 1 in Short Blades
  2394 | D:3      | Gained mutation: You have a pair of horns on your head.
                  | [demonic ancestry]
  2394 | D:3      | Reached XP level 5. HP: 21/37 MP: 8/8
  2461 | D:3      | Reached skill level 5 in Necromancy
  2993 | D:3      | Found a runed translucent door.
  2994 | D:3      | Noticed Crazy Yiuf
  3151 | D:3      | Slain by Crazy Yiuf

Illustrated notes

Levels and vault maps discovered:
D:1:      eino_arrival_druids_welcome, layout_basic
D:2:      layout_loops_corners, serial_shops, nicolae_shop_trees
D:3:      layout_basic, uniq_crazy_yiuf_cottage

Skill      XL: |  1  2  3  4  5 |
---------------+----------------+-----
Stealth        | 2 |  2.8
Dodging        | 2 |  2.6
Fighting       | 1 |  1.8
Short Blades   | 1 |  1.4
Necromancy     | 5 |  5.0
Spellcasting   | |  2.7

Action                   |  1- 3 |  4- 6 || total
-------------------------+-------+-------++-------
Melee: Short sword       |    11 |       ||    11
       Unarmed           |     8 |       ||     8
       Dagger            |    17 |   127 ||   144
       Headbutt          |     5 |    29 ||    34
       Punch             |     1 |     3 ||     4
 Fire: Sling             |       |     1 ||     1
 Cast: Necrotise         |    52 |    29 ||    81
 Stab: Sleeping          |     4 |     4 ||     8
       Distracted        |     1 |       ||     1
Armor: Robe              |     8 |    32 ||    40
Dodge: Dodged            |    24 |    87 ||   111

Table legend: (Time is in decaauts)
 A = Elapsed time spent in this place.
 B = Non-inter-level travel time spent in this place.
 C = Inter-level travel time spent in this place.
 D = Time resting spent in this place.
 E = Time spent auto-exploring this place.
 F = Levels seen in this place.
 G = Mean time per level.
                   A        B        C        D        E       F      G
               +--------+--------+--------+--------+--------+-----+--------+
         Total |   3142 |   3102 |     40 |      0 |   2557 |   3 | 1047.3 |
       Dungeon |   3142 |   3102 |     40 |      0 |   2557 |   3 | 1047.3 |
               +--------+--------+--------+--------+--------+-----+--------+

Top non-repeatable levels by time:
     D:2: 1249 daAuts
     D:1: 973 daAuts
     D:3: 918 daAuts
